 Dungeon Sprint DCSS version 0.18.1-5-g4a78601 (webtiles) character file.

9100000 pipel the Ninja (level 27, -38/174 HPs)
             Began as a Spriggan Warper on May 14, 2016.
             Was the Champion of Makhleb.
             Annihilated by a destroyer
             ... wielding a +9 great sword of slicing
              (203 damage)
             ... in the Dungeon (Sprint VIII: "Arena of Blood").
             The game lasted 00:04:13 (91 turns).

pipel the Ninja (Spriggan Warper)                     Turns: 91, Time: 00:04:13

Health: -38/174    AC:  4    Str:  7    XL:     27
Magic:  36/55      EV: 46    Int: 16    God:    Makhleb [******]
Gold:   0          SH:  0    Dex: 27    Spells: 1 memorised, 79 levels left

rFire  + . .     SeeInvis +     l - +∞ Axe of Woe
rCold  . . .     Gourm    .     b - +0 robe
rNeg   . . .     Faith    .     (shield currently unavailable)
rPois  .         Spirit   .     (helmet restricted)
rElec  .         Dismiss  .     (no cloak)
rCorr  .         Reflect  .     (gloves unavailable)
SustAt .         Harm     .     (boots unavailable)
MR     ++++.     NoTele   +     (no amulet)
Stlth  ++++++++++               (no ring)
                                m - ring of protection from fire

@: very quick, incredibly resistant to hostile enchantments, uncannily stealthy
A: unfitting armour, see invisible, herbivore 3, speed 3, slow metabolism 2
a: Minor Destruction, Lesser Servant of Makhleb, Major Destruction, Greater
Servant of Makhleb, Renounce Religion


You were in the Dungeon.
You worshipped Makhleb.
Makhleb was exalted by your worship.
You were not hungry.

You visited 1 branch

Inventory:

Hand Weapons
 a - a +0 hand axe
 l - the +∞ Axe of Woe (weapon)
   (You found it in the Dungeon)
Missiles
 e - 5 tomahawks of dispersal (quivered)
Armour
 b - a +0 robe (worn)
Jewellery
 m - a ring of protection from fire (left hand)
Scrolls
 d - 2 scrolls of blinking
Potions
 g - a potion of curing
 h - a potion of heal wounds
 i - a potion of haste
 j - 2 potions of magic
 k - a potion of berserk rage
Books
 c - a book of Spatial Translocations

   Spells                             Type                      Level
   a - Apportation                    Translocation                1
   b - Blink                          Translocation                2
   c - Shroud of Golubria             Charms/Translocation         2
   d - Portal Projectile              Translocation                3
   e - Teleport Other                 Translocation                3
   f - Passage of Golubria            Translocation                4
Comestibles
 f - a bread ration


   Skills:
 O Level 27 Fighting
 O Level 27 Axes
 O Level 27 Throwing
 O Level 27 Armour
 O Level 27 Dodging
 O Level 27 Stealth
 O Level 27 Unarmed Combat
 O Level 27 Spellcasting
 O Level 27 Translocations
 O Level 27 Invocations


You had 79 spell levels left.
You knew the following spells:

 Your Spells              Type           Power        Failure   Level  Hunger
a - Apportation           Tloc           #######...   0%          1    None


Dungeon Overview and Level Annotations

Branches:
Dungeon (1/1)

Altars:
Makhleb

Annotations:
D The Captor


Innate Abilities, Weirdness & Mutations

You are tiny and cannot use many weapons and most armour.
You have supernaturally acute eyesight.
You are a herbivore.
You cover ground extremely quickly.
You need consume almost no food.


Message History

You hit the meat berserker but do no damage.
You fatally mangle the meat berserker.
You kill the meat berserker!
Makhleb accepts your kill.
The meat beast shouts, "Embrace thy failure, thou dankish folly-fallen morsel!"
You hear a shout! x3
The meat berserker rages.
The accursed points at you and mumbles some strange words.
Something smites you!
You hear a shout!
The wretched soul moves out of view. 2 orcs come into view.
You regained 17 hp, and now have 165/174 hp.
Unknown command. 3 orcs, an ogre and 2 vampire knights come into view.
You hear a shout!
The destroyer blinks!
The destroyer hits you with a +9 great sword of slicing!!!!!
Ouch! That really hurt!
You die...

#M2...#.......# ......
).%%###......L###.......
%...2..OO###............
.#o.....o._..@..........
.2.....#.....#.......#.#
o......#_.2._#.........
o......#....O#...D..#.#.
.#........_..O.V.V.CV..M
.........###O.).@ooo2#.
....###......O###.V.Oo..
..... #.......#


OOo§oVo ..... #.......# WooO.oV ....W2... o.Oooo. ..L..O.... .#ooo#o .ooooM....
#oo..# ..V...D..# ...O# You could see an accursed (wandering), 2 meat beasts, a
tyrant, an eight-headed meat hydra, 6 destroyers, a large bag of meat (inner
flame), a wretched soul (invisible), The Captor, 10 meat berserkers and 20 bags
of meat.

Vanquished Creatures
  2 hell beasts (D)
  2 greater mummies (D)
  11 vampire knights (D)
  22 ogres (D)
  2 liches (D)
  A hydra (D)
  68 orcs (D)
  3 hill giants (D)
  A skeletal warrior (D)
  2 small abominations (D)
  3 crawling corpses (D)
117 creatures vanquished.

Vanquished Creatures (others)
  A crawling corpse (D)
1 creature vanquished.

Grand Total: 118 creatures vanquished

Notes
Turn   | Place    | Note
--------------------------------------------------------------
     0 | D        | pipel the Spriggan Warper began the quest for the Orb.
     0 | D        | Reached XP level 1. HP: 10/10 MP: 5/5
     3 | D        | Noticed a bag of meat
     4 | D        | Became a worshipper of Makhleb the Destroyer
     6 | D        | Noticed a bag of meat
     6 | D        | Noticed a bag of meat
     6 | D        | Noticed a bag of meat
     7 | D        | Noticed a bag of meat
     8 | D        | Noticed a bag of meat
     9 | D        | Noticed a bag of meat
    10 | D        | Noticed a bag of meat
    11 | D        | Noticed a bag of meat
    11 | D        | Noticed a bag of meat
    12 | D        | Killed a bag of meat
    12 | D        | Reached skill level 27 in Stealth
    12 | D        | Reached XP level 2. HP: 14/14 MP: 6/6
    12 | D        | Reached XP level 3. HP: 18/18 MP: 8/8
    12 | D        | Reached XP level 4. HP: 22/22 MP: 9/9
    12 | D        | Reached XP level 5. HP: 25/25 MP: 10/10
    12 | D        | Reached XP level 6. HP: 30/30 MP: 11/11
    12 | D        | Reached XP level 7. HP: 33/33 MP: 12/12
    12 | D        | Reached XP level 8. HP: 37/37 MP: 13/13
    12 | D        | Reached XP level 9. HP: 41/41 MP: 14/14
    12 | D        | Reached XP level 10. HP: 46/46 MP: 15/15
    12 | D        | Reached XP level 11. HP: 49/49 MP: 16/16
    13 | D        | Noticed a large bag of meat
    13 | D        | Noticed a bag of meat
    13 | D        | Noticed a bag of meat
    13 | D        | Noticed a meat berserker
    13 | D        | Killed a bag of meat
    13 | D        | Reached * piety under Makhleb
    13 | D        | Reached XP level 12. HP: 53/53 MP: 17/17
    13 | D        | Killed a meat berserker
    13 | D        | Reached XP level 13. HP: 57/57 MP: 18/18
    13 | D        | Reached XP level 14. HP: 61/61 MP: 19/19
    13 | D        | Killed a bag of meat
    13 | D        | Reached ** piety under Makhleb
    13 | D        | Reached skill level 27 in Axes
    13 | D        | Reached skill level 5 in Fighting
    14 | D        | Noticed a bag of meat
    14 | D        | Noticed a bag of meat
    14 | D        | Noticed a bag of meat
    14 | D        | Noticed a meat berserker
    14 | D        | Noticed a bag of meat
    14 | D        | Noticed a bag of meat
    14 | D        | Noticed a bag of meat
    15 | D        | Noticed a bag of meat
    15 | D        | Noticed a bag of meat
    16 | D        | Noticed a bag of meat
    16 | D        | Noticed a bag of meat
    16 | D        | Noticed a meat berserker
    16 | D        | Killed a bag of meat
    16 | D        | Reached XP level 15. HP: 79/79 MP: 20/20
    16 | D        | Reached *** piety under Makhleb
    17 | D        | Noticed a meat berserker
    19 | D        | Reached **** piety under Makhleb
    19 | D        | Reached skill level 27 in Dodging
    19 | D        | Reached XP level 16. HP: 98/98 MP: 21/21
    20 | D        | Noticed a meat berserker
    20 | D        | Noticed a meat berserker
    21 | D        | Killed a meat berserker
    21 | D        | Reached XP level 17. HP: 121/121 MP: 22/22
    21 | D        | Killed a large bag of meat
    21 | D        | Reached ***** piety under Makhleb
    21 | D        | Reached skill level 27 in Fighting
    21 | D        | Reached skill level 5 in Spellcasting
    21 | D        | Reached skill level 10 in Translocations
    21 | D        | Reached skill level 5 in Invocations
    21 | D        | Reached skill level 15 in Translocations
    22 | D        | Noticed a meat berserker
    22 | D        | Noticed a destroyer
    25 | D        | Noticed a destroyer
    26 | D        | Noticed a destroyer
    27 | D        | Killed a destroyer
    27 | D        | Reached XP level 18. HP: 127/127 MP: 22/36
    27 | D        | Reached skill level 15 in Spellcasting
    27 | D        | Reached skill level 15 in Invocations
    29 | D        | Noticed a meat berserker
    29 | D        | Killed a destroyer
    29 | D        | Reached skill level 15 in Armour
    29 | D        | Reached skill level 27 in Translocations
    29 | D        | Reached XP level 19. HP: 132/132 MP: 23/43
    30 | D        | Killed a meat berserker
    30 | D        | Reached ****** piety under Makhleb
    30 | D        | Reached skill level 5 in Throwing
    30 | D        | Killed a meat berserker
    30 | D        | Reached XP level 20. HP: 137/137 MP: 23/49
    31 | D        | Noticed a meat berserker
    31 | D        | Noticed a meat berserker
    31 | D        | Noticed a meat berserker
    31 | D        | Noticed a destroyer
    32 | D        | Noticed an eight-headed meat hydra
    32 | D        | Noticed a destroyer
    33 | D        | Noticed a meat berserker
    34 | D        | Noticed a meat berserker
    35 | D        | Reached skill level 27 in Invocations
    35 | D        | Reached skill level 27 in Spellcasting
    35 | D        | Reached XP level 21. HP: 142/142 MP: 24/53
    35 | D        | Reached skill level 27 in Armour
    36 | D        | Noticed a destroyer
    37 | D        | Noticed a destroyer
    37 | D        | Reached skill level 27 in Throwing
    38 | D        | Reached XP level 22. HP: 148/148 MP: 24/54
    39 | D        | Killed a destroyer
    39 | D        | Reached skill level 27 in Unarmed Combat
    39 | D        | Noticed a destroyer
    43 | D        | Reached XP level 23. HP: 153/153 MP: 26/55
    45 | D        | Killed a destroyer
    47 | D        | Noticed a destroyer
    48 | D        | Reached XP level 24. HP: 158/158 MP: 26/55
    49 | D        | Reached XP level 25. HP: 163/163 MP: 26/55
    50 | D        | Noticed an accursed
    51 | D        | Reached XP level 26. HP: 169/169 MP: 27/55
    53 | D        | Noticed an accursed
    53 | D        | Reached XP level 27. HP: 174/174 MP: 27/55
    54 | D        | Noticed an accursed
    55 | D        | Noticed a destroyer
    55 | D        | HP: 4/174 [bag of meat/+9 war axe (31)]
    56 | D        | Noticed a destroyer
    59 | D        | Noticed a tyrant
    59 | D        | Killed a destroyer
    60 | D        | Noticed a tyrant
    61 | D        | Noticed an accursed
    61 | D        | Killed a destroyer
    61 | D        | Killed a destroyer
    62 | D        | Noticed an accursed
    62 | D        | Killed a destroyer
    63 | D        | Killed a destroyer
    63 | D        | Killed a destroyer
    65 | D        | Killed an accursed
    66 | D        | Killed a destroyer
    67 | D        | Noticed a meat beast
    68 | D        | Killed a tyrant
    71 | D        | Killed a tyrant
    73 | D        | Noticed a meat beast
    75 | D        | Noticed a meat beast
    75 | D        | Killed a meat beast
    75 | D        | Killed an accursed
    76 | D        | Noticed a tyrant
    78 | D        | Killed a meat beast
    79 | D        | Noticed an accursed
    80 | D        | Noticed a meat beast
    80 | D        | Noticed a tyrant
    81 | D        | Noticed The Captor
    81 | D        | Noticed a meat beast
    86 | D        | Noticed a meat beast
    86 | D        | Noticed a dread
    86 | D        | Noticed a destroyer
    86 | D        | Noticed a destroyer
    86 | D        | Noticed a tyrant
    87 | D        | Noticed an accursed
    88 | D        | Noticed a destroyer
    88 | D        | Noticed a destroyer
    89 | D        | Noticed a destroyer
    90 | D        | Noticed a meat beast
    91 | D        | Noticed a destroyer
    91 | D        | Noticed a destroyer
    91 | D        | Annihilated by a destroyer

Skill      XL: |  1  2  3  4  5  6  7  8  9 10 11 12 13 14 15 16 17 18 19 20 21 22 |
---------------+-------------------------------------------------------------------+-----
Axes           | 17 21 26 27 | 27.0
Stealth        | 27 | 27.0
Fighting       | 9 17 26 27 | 27.0
Dodging        | 19 27 | 27.0
Armour         | 11 15 20 26 27 | 27.0
Spellcasting   | 13 19 24 27 | 27.0
Translocations | 23 27 | 27.0
Invocations    | 14 19 25 27 | 27.0
Throwing       | 3 4 6 9 27 | 27.0
Unarmed Combat | 16 27 | 27.0

Action                   |  1- 3 |  4- 6 |  7- 9 | 10-12 | 13-15 | 16-18 | 19-21 | 22-24 | 25-27 || total
-------------------------+-------+-------+-------+-------+-------+-------+-------+-------+-------++-------
Melee: Broad axe         |     1 |       |       |     1 |     2 |     3 |     4 |     5 |    20 ||    36
 Cast: Apportation       |       |       |       |       |       |       |       |     1 |       ||     1
Dodge: Dodged            |       |       |       |       |     1 |       |       |     4 |     7 ||    12
